 Dungeon Crawl Stone Soup version 0.29.1-15-g9cfb28693d (webtiles) character file.

Game seed: 17760393921746959076

2 WimpyRanger the Firebug (level 1, 0/11 HPs)
             Began as an Octopode Fire Elementalist on Mar 10, 2023.
             Slain by a rat (1 damage)
             ... on level 1 of the Dungeon.
             The game lasted 00:00:42 (72 turns).

WimpyRanger the Firebug (Octopode Fire Elementalist)  Turns: 72, Time: 00:00:42

Health: 0/11       AC:  1    Str:  7    XL:     1   Next: 40%
Magic:  0/3        EV: 13    Int: 17    God:
Gold:   0          SH:  0    Dex: 12    Spells: 3/4 levels left

rFire   . . .      SeeInvis .   b - +0 club
rCold   . . .      Faith    .   (no shield)
rNeg    . . .      Spirit   .   (helmet restricted)
rPois   .          Reflect  .   (no amulet)
rElec   .          Harm     .   (no ring)
rCorr   .          Rampage  .   (no ring)
Will    .....                   (no ring)
Stlth   +++.......              (no ring)
HPRegen 0.03/turn               (no ring)
MPRegen 0.08/turn               (no ring)
                                (no ring)
                                (no ring)

@: no status effects
A: almost no armour, amphibious, 8 rings, camouflage 1, gelatinous body 1,
(nimble swimmer 1), tentacles
a: no special abilities


You were on level 1 of the Dungeon.
You visited 1 branch of the dungeon, and saw 1 of its levels.

Inventory:

Hand Weapons
 b - a +0 club (weapon)
Scrolls
 c - a scroll of identify {unknown}
Potions
 a - a potion of magic


   Skills:
 - Level 2.1 Dodging
 + Level 2.7 Stealth
 + Level 2.0 Spellcasting
 * Level 1.0 Conjurations
 + Level 3.0 Fire Magic


You had 3 spell levels left.
You knew the following spells:

 Your Spells              Type           Power      Damage    Failure   Level
a - Foxfire               Conj/Fire      32%        2x1d5     9%          1

Your spell library contained the following spells:

 Spells                   Type           Power      Damage    Failure   Level
 Scorch                   Fire           24%        2d6       9%          2
 Conjure Flame            Conj/Fire      8%         6-21      26%         3
 Inner Flame              Hex/Fire       6%         N/A       30%         3
 Flame Wave               Conj/Fire      8%         2d5       63%         4


Dungeon Overview and Level Annotations

Branches:
Dungeon (1/15)

Altars:


Innate Abilities, Weirdness & Mutations

You cannot wear most types of armour.
You are amphibious.
You can wear up to eight rings at the same time.
Your skin changes colour to match your surroundings (Stealth+).
Your rubbery body absorbs attacks. (AC +1, EV +1)
((You are camouflaged when in or above water. (Stealth+)))
You have tentacles for arms and can constrict up to eight enemies at once.


Message History

A goblin comes into view. It is wielding a +0 dagger.
The ball python hisses angrily.
Casting: Foxfire (safe; 9% risk of failure)
Confirm with . or Enter, or press ? or * to list all spells.
You conjure some foxfire!
Unknown command.
The foxfire hits the ball python.
You kill the ball python!
The foxfire hits the goblin.
The goblin is severely wounded.
The goblin shouts!
A rat comes into view.
You closely miss the goblin. Your grab misses the goblin.
Your tentacle-slap misses the goblin.
The goblin is severely wounded.
The goblin hits you with a +0 dagger.
You miss the goblin. Your grab misses the goblin.
The goblin is severely wounded.
The rat bites you but does no damage. The goblin hits you with a +0 dagger.
The rat bites you but does no damage. The goblin hits you with a +0 dagger.
* * * LOW HITPOINT WARNING * * *
Casting: Foxfire (safe; 9% risk of failure)
Confirm with . or Enter, or press ? or * to list all spells.
You conjure some foxfire!
The rat closely misses you.
You hit the rat but do no damage. Your grab misses the rat.
The rat bites you but does no damage.
Your foxfire dissipates!
Casting: Foxfire (safe; 9% risk of failure)
Confirm with . or Enter, or press ? or * to list all spells.
You conjure some foxfire!
The rat bites you.
* * * LOW HITPOINT WARNING * * *
Your foxfire dissipates!
Unknown command.
Casting: Foxfire (safe; 9% risk of failure)
Confirm with . or Enter, or press ? or * to list all spells.
You conjure some foxfire!
The rat bites you but does no damage.
Your foxfire dissipates!
You barely miss the rat. You grab the rat. You constrict the rat.
The rat bites you.
You die...

#######.#.........
........#.#...#.#.#
#######.....g.....#
#.#.##......#
#.#.#.....#.#
#.#.#..##.#
#.#g#... ...
..#r#... ###
###@#...# #.#####
#.. ####


You could see a goblin and a rat.

Vanquished Creatures
  A ball python (D:1)
  A goblin (D:1)
2 creatures vanquished.

Vanquished Creatures (others)
  4 foxfires (D:1)
4 creatures vanquished.

Grand Total: 6 creatures vanquished

Notes
Turn   | Place    | Note
-------+----------+-------------------------------------------
     0 | D:1      | WimpyRanger the Octopode Fire Elementalist began the quest
                  | for the Orb.
     0 | D:1      | Reached XP level 1. HP: 11/11 MP: 3/3
    72 | D:1      | Slain by a rat

Illustrated notes

Levels and vault maps discovered:
D:1:      sevenhm_arrival_forest_fort_small_1, layout_basic

Action                   || total
-------------------------++-------
Melee: Club              ||     4
       Unarmed           ||     1
       Constrict         ||     1
 Cast: Foxfire           ||     5
Armor: Skin              ||     4
Dodge: Dodged            ||     1
